Map: Overgrowth LE (Void)

Players

MarbleDonuts - Winner!

  • Race: Terran Terran
  • League: Master
  • Spawn Location: 1:00

A.I. 1 (Elite)

  • Race: Protoss Protoss
  • Spawn Location: 7:00

VOD

Have the link to the VOD?

Description

Time

  • Played on: Dec. 16, 2016, 10:56 p.m.
  • Length: 5:10
Show
View Real Time Build Order
Export as new Build Order

MarbleDonuts Terran - Winner!

Build Orders: 1/1/1, Cyclone Opening 

Get SALT Encoding   

  12  0:00  SCV  
  13  0:13  SCV  
  14  0:18  Supply Depot  
  14  0:25  SCV  
  15  0:40  Barracks, SCV  
  16  0:46  Refinery  
  16  0:52  SCV  
  16  0:56  Refinery  
  17  1:04  SCV  
  18  1:16  SCV  
  19  1:28  Orbital Command  
  19  1:29  Marine  
  20  1:35  Factory  
  20  1:42  Supply Depot  
  20  1:47  Barracks Reactor  
  21  1:54  SCV  
  21  2:06  SCV  
  22  2:19  Cyclone  
  22  2:21  Starport  
  25  2:24  Marine x2  
  27  2:31  Supply Depot  
  27  2:38  SCV  
  27  2:42  Marine x2  
  30  2:53  Cyclone  
  30  2:58  Medivac  
  35  3:01  Marine x2  
  37  3:07  Supply Depot  
  37  3:14  Bunker  
  37  3:24  Marine  
  37  3:25  Marine  
  37  3:35  Viking  
  37  3:37  Cyclone  
  42  3:47  Marine x2  
  44  3:51  Supply Depot  
  44  4:11  Marine x2  
  44  4:14  Cyclone  
  49  4:22  Bunker  
  49  4:32  Supply Depot  
  49  4:43  Marine x2  
Show
View Real Time Build Order
Export as new Build Order

A.I. 1 (Elite) Protoss 

Build Orders: 1 Gate Expand 

Get SALT Encoding   

  12  0:01  Probe (Chrono Boost)  
  13  0:11  Probe (Chrono Boost)  
  14  0:20  Pylon  
  14  0:22  Probe (Chrono Boost)  
  15  0:38  Probe (Chrono Boost)  
  16  0:49  Probe (Chrono Boost)  
  17  0:50  Gateway  
  17  1:00  Probe (Chrono Boost)  
  18  1:10  Probe (Chrono Boost)  
  19  1:13  Nexus  
  19  1:21  Probe (Chrono Boost)  
  20  1:32  Probe (Chrono Boost)  
  21  1:34  Zealot  
  21  1:35  Pylon  
  23  1:45  Cybernetics Core  
  23  1:49  Assimilator  
  24  1:54  Probe (Chrono Boost)  
  24  2:04  Probe (Chrono Boost)  
  25  2:15  Probe (Chrono Boost)  
  26  2:21  Pylon  
  26  2:25  Probe x2 (Chrono Boost)  
  26  2:26  Warp Gate  
  28  2:35  Probe (Chrono Boost)  
  28  2:36  Gateway  
  29  2:41  Assimilator  
  29  2:42  Probe (Chrono Boost)  
  30  2:53  Stalker  
  30  2:54  Pylon  
  30  2:55  Probe (Chrono Boost)  
  30  2:56  Probe (Chrono Boost)  
  34  3:07  Probe (Chrono Boost)  
  34  3:08  Probe (Chrono Boost)  
  34  3:21  Stalker  
  34  3:22  Zealot  
  33  3:28  Probe x2 (Chrono Boost)  
  26  3:39  Probe (Chrono Boost)  
  20  3:47  Adept  
Tags
 
Add a new tag
Caveats
  • Supply blocks, unpowered buildings, or Contaminate may cause inaccurate times.
  • Supply counts are checked every 10 seconds.